 Dungeon Crawl Stone Soup version 0.31-a0-303-gdc8c9485ea (webtiles) character file.

Game seed: 646926479169445724

1629 Zonian the Nimble (level 8, -4/43 HPs)
             Began as a Spriggan Brigand on July 16, 2023.
             Was a Follower of Nemelex Xobeh.
             Killed from afar by a white imp (9 damage)
             ... with a puff of frost
             ... on level 7 of the Dungeon.
             The game lasted 00:15:21 (6689 turns).

Zonian the Nimble (Spriggan Brigand)                Turns: 6689, Time: 00:15:22

Health: -4/43      AC:  4    Str:  7    XL:     8   Next: 65%
Magic:  0/9        EV: 23    Int: 18    God:    Nemelex Xobeh [*.....]
Gold:   506        SH:  0    Dex: 19    Spells: 7/7 levels left

rFire   . . .        a - +3 dagger (heavy)
rCold   . . .        (no shield)
rNeg    . . .        b - +0 robe
rPois   .            (helmet restricted)
rElec   .            c - +1 cloak
rCorr   +            (gloves unavailable)
SInv    +            (boots unavailable)
Will    +....        r - amulet of guardian spirit
Stlth   ++++         w - +6 ring of intelligence
HPRegen 0.27/turn    n - ring of resist corrosion
MPRegen 0.11/turn

%: guardian spirit
@: very quick
A: very small, no large weapons, unfitting armour, see invisible, speed 3
a: Renounce Religion, Draw Escape, Draw Destruction, Draw Summoning


You were on level 7 of the Dungeon.
You worshipped Nemelex Xobeh.
Nemelex Xobeh was aware of your devotion.
You visited 2 branches of the dungeon, and saw 8 of its levels.

You collected 506 gold pieces.

Inventory:

Hand Weapons
 a - a +3 heavy dagger (weapon)
 h - a +0 sling of electrocution
Missiles
 d - 17 poisoned darts (quivered)
 e - a curare-tipped dart
 j - 2 javelins
 o - a throwing net
Armour
 b - a +0 robe (worn)
 c - a +1 cloak (worn)
Jewellery
 f - an amulet of magic regeneration
 k - the amulet "Wihycauv" {Regen+ Int+5}
   (You found it on level 2 of the Dungeon)

   [amulet of regeneration]

   Int:       It affects your intelligence (+5).
   Regen:     It increases your rate of health regeneration.
 n - a ring of resist corrosion (right hand)
 r - an amulet of guardian spirit (around neck)
 w - a +6 ring of intelligence (left hand)
 z - a ring of positive energy
Wands
 l - a wand of flame (29)
 v - a wand of digging (8)
 A - a wand of roots (1)
Scrolls
 g - 5 scrolls of immolation
 i - a scroll of brand weapon
 y - a scroll of identify
Potions
 m - a potion of brilliance
 p - 3 potions of mutation
 q - 2 potions of enlightenment
 s - 5 potions of attraction
 t - 2 potions of cancellation
 x - a potion of haste {unknown}
 B - a potion of berserk rage {unknown}


   Skills:
 + Level 5.3 Fighting
 + Level 7.0 Short Blades
 - Level 2.7 Throwing
 + Level 8.0 Dodging
 - Level 6.5 Stealth


You had 7 spell levels left.
You didn't know any spells.
Your spell library contained the following spells:

 Spells                   Type           Power      Damage    Failure   Level
 Apportation              Tloc           0%         N/A       22%         1
 Kiss of Death            Conj/Necr      0%         2d5       22%         1
 Confusing Touch          Hex            0%         N/A       54%         3
 Dazzling Flash           Conj/Hex       0%         N/A       54%         3
 Ozocubu's Armour         Ice            0%         N/A       54%         3
 Volatile Blastmotes      Fire/Tloc      0%         2d10      54%         3
 Dispel Undead            Necr           0%         3d6       91%         4
 Alistair's Intoxication  Tmut/Pois      0%         N/A       99%         5
 Metabolic Englaciation   Hex/Ice        0%         N/A       99%         5
 Simulacrum               Ice/Necr       0%         N/A       100%        6
 Starburst                Conj/Fire      0%         6d3       100%        6
 Maxwell's Capacitive Co  Air            0%         ∞         100%        8


Dungeon Overview and Level Annotations

Branches:
Dungeon (7/15)             Temple (1/1) D:5

Altars:
Cheibriados
Dithmenos
Elyvilon
Fedhas
Gozag
Kikubaaqudgha
Makhleb
Nemelex Xobeh
Okawaru
Qazlal
Sif Muna
Trog
Uskayaw
Vehumet
Wu Jian
Yredelemnul
The Shining One
Lugonu

Shops:
D:3 ?

Annotations:
D:3 Sigmund
D:7 1 transporter, Dowan, Duvessa


Innate Abilities, Weirdness & Mutations

You are very small and have problems with some larger weapons.
You are too small for most types of armour.
You have supernaturally acute eyesight. (SInv)
You cover ground extremely quickly. (Speed+++)


Message History

You miss the killer bee.
The killer bee is almost dead.
The killer bee completely misses you. x2
The white imp gestures at you. The puff of frost hits you!
* * * LOW HITPOINT WARNING * * *
Unknown command.
You draw a card...
You have drawn Vitriol.
Press: ? - help, Shift-Dir - straight line, f/p - killer bee
Aim: a killer bee (black smoke, almost dead)
The glob of acid hits the killer bee!!
You kill the killer bee!
The white imp barely misses you. The gnoll sergeant misses you.
Unknown command.
You draw a card...
You have drawn the Storm.
A fierce wind blows from the card.
You hear mighty peals of thunder!
You hear a horrible gurgling sound! x2; You hear a howl!
You hear a bark!
You hear an angry hiss.
You hear a shout!
Unknown command.
Throw: 2 darts (curare)
Press: ? - help, Shift-Dir - straight line, f - gnoll sergeant
Aim: a gnoll sergeant, wielding a +0 trident of freezing and wearing a +0 ring mail (almost dead, 69% to hit)
You throw a curare-tipped dart.
The curare-tipped dart hits the gnoll sergeant.
The gnoll sergeant is poisoned.
The gnoll sergeant convulses.
You kill the gnoll sergeant!
Your Short Blades skill increases to level 7!
Your Dodging skill increases to level 8!
Aiming: Fastroot
Press: ? - help, Shift-Dir - straight line, f - white imp
Aim: a white imp (moderately wounded)
The roots erupt in riotous growth!
Roots grab the white imp.
The grasping roots constrict the white imp.
You hear an angry buzzing noise.
You hear a shout!
The white imp gestures at you. The puff of frost hits you!
You die...
Your body disappears without a glow.

##...<......##...$..............#
#..........##.#...#..........#..
###+#.##.......####....g........
#.##........................
..##..5.....................
...#..o......................
....#...##.§.................#
.....#§..##.§.......#.........#
o.........##).†@.....#.........#
.........###.####'####.........#
.........# #.'...... +....##...#
.........# #.#^#...#.#.#####...#
..####...###†#.# .# #.........# .
....y.....#.#...#.#.........#
......y...'.).... +.........#
..y.#.....####'####.........#
.........g..........###......


You could see a white imp (rooted).

Vanquished Creatures
  Grinder (D:6)
  A water moccasin (D:5)
  A black bear (D:7)
  A sky beast (D:7)
  2 ice beasts (D:6)
  A centaur (D:5)
  An ogre (D:6)
  A phantom (D:4)
  A gnoll sergeant (D:7)
  A scorpion (D:3)
  3 killer bees (D:7)
  A howler monkey (D:4)
  2 hounds
  A jelly (D:7)
  2 orc priests
  Ijyb (D:4)
  Jessica (D:3)
  An orc wizard (D:7)
  3 gnolls (D:7)
  9 adders
  A shadow imp (D:5)
  A white imp (D:4)
  2 worms
  A dart slug (D:4)
  8 orcs
  8 ball pythons
  3 endoplasms (D:2)
  3 giant cockroaches
  2 goblins
  A hobgoblin (D:1)
  7 jackals
  6 quokkas
  3 bats
  2 frilled lizards (D:2)
  7 kobolds
  5 rats
95 creatures vanquished.

Notes
Turn   | Place    | Note
-------+----------+-------------------------------------------
     0 | D:1      | Zonian the Spriggan Brigand began the quest for the Orb.
     0 | D:1      | Reached XP level 1. HP: 10/10 MP: 2/2
   232 | D:1      | You fall into a shaft and drop 1 floor!
   255 | D:2      | Reached XP level 2. HP: 15/15 MP: 3/3
   471 | D:1      | Reached skill level 2 in Dodging
   899 | D:1      | Reached XP level 3. HP: 18/18 MP: 4/4
  1083 | D:2      | Found a faded altar of an unknown god.
  1317 | D:2      | Identified the amulet "Wihycauv" {Regen+ Int+5}
  1608 | D:2      | Found an iron altar of Okawaru.
  2052 | D:3      | Reached XP level 4. HP: 22/23 MP: 5/5
  2067 | D:3      | Noticed Jessica
  2076 | D:3      | Killed Jessica
  2190 | D:3      | Found Birr's Magic Scroll Shoppe.
  2283 | D:3      | Found a faded altar of an unknown god.
  2286 | D:3      | Found a burning altar of Makhleb.
  2349 | D:3      | Found a white marble altar of Elyvilon.
  2559 | D:3      | Noticed Sigmund
  2646 | D:3      | Noticed a scorpion
  2660 | D:3      | Killed a scorpion
  2661 | D:3      | Reached skill level 3 in Dodging
  2661 | D:3      | Reached XP level 5. HP: 22/27 MP: 3/6
  3275 | D:4      | Noticed Ijyb
  3282 | D:4      | Killed Ijyb
  3334 | D:4      | Reached skill level 4 in Dodging
  3334 | D:4      | Reached XP level 6. HP: 27/32 MP: 7/7
  3572 | D:4      | Found an ornate altar of the Wu Jian Council.
  4216 | D:5      | Entered Level 5 of the Dungeon
  4348 | D:5      | Found a basalt altar of Yredelemnul.
  4544 | D:5      | Noticed a water moccasin
  4561 | D:5      | Reached skill level 5 in Dodging
  4747 | D:5      | Killed a water moccasin
  4748 | D:5      | Reached skill level 5 in Short Blades
  4748 | D:5      | Reached XP level 7. HP: 9/37 MP: 3/8
  5512 | D:5      | Found a staircase to the Ecumenical Temple.
  5522 | Temple   | Entered the Ecumenical Temple
  5574 | Temple   | Became a worshipper of Nemelex Xobeh the Trickster
  5836 | D:6      | Reached skill level 6 in Dodging
  6025 | D:6      | Reached * piety under Nemelex Xobeh
  6177 | D:6      | Noticed Grinder
  6184 | D:6      | Killed Grinder
  6185 | D:6      | Reached skill level 7 in Dodging
  6185 | D:6      | Reached XP level 8. HP: 42/42 MP: 9/9
  6299 | D:7      | Noticed Duvessa
  6307 | D:7      | Noticed Dowan
  6341 | D:7      | Found a transporter.
  6342 | D:7      | Found a corrupted altar of Lugonu.
  6342 | D:7      | Noticed a cyan ugly thing
  6343 | D:7      | Noticed a green ugly thing
  6344 | D:7      | Noticed a green ugly thing
  6345 | D:7      | Noticed a large abomination
  6395 | D:7      | Received a gift from Nemelex Xobeh
  6419 | D:7      | Reached skill level 5 in Fighting
  6419 | D:7      | HP: 2/43 [gnoll sergeant/+0 trident of freezing (9)]
  6683 | D:7      | HP: 1/43 [poisoned by a killer bee]
  6689 | D:7      | Reached skill level 8 in Dodging
  6689 | D:7      | Killed from afar by a white imp

Illustrated notes

Levels and vault maps discovered:
D:1:      lightli_arrival_noodles, layout_basic, minmay_box_of_dots
D:2:      layout_loops_ring, basic_altar, shapermc_ecumenical_altar_gd,
          minmay_tromino_v4_c
D:3:      layout_loops_corners, overflow_temple_1_default,
          nicolae_overflow_ecumenical_swirl, serial_shops,
          nicolae_shop_tiny_statue_garden, uniq_sigmund, uniq_jessica
D:4:      layout_layer_cave, nzn_wu_jian_council_hall, kennysheep_orc_chapel,
          uniq_ijyb
D:5:      layout_loops_corners, mainiacjoe_overflow_chevrons,
          minmay_temple_entry_enclosed_plants, serial_bayou,
          serial_bayou_lake_a, serial_bayou_pond_b, serial_bayou_ford_a,
          serial_bayou_pond_d, serial_bayou_shore_a, minmay_small_thing
D:6:      layout_rooms, nicolae_benzene_ring, serial_bayou_pond_d,
          dk_rats_in_the_wall, uniq_grinder
D:7:      gammafunk_corrupted_shrine, layout_basic,
          mainiacjoe_overflow_six_doors_small,
          minmay_fractal_squares_diagonal_5, uniq_crazy_yiuf_cottage,
          uniq_duvessa
Temple:   nicolae_temple_ecumenical_triangle

Skill      XL: |  1  2  3  4  5  6  7  8 |
---------------+-------------------------+-----
Stealth        | 6 |  6.5
Dodging        | 2 3 4 5 7 8 |  8.0
Fighting       | 2 3 4 5 |  5.3
Short Blades   | 3 4 5 6 7 |  7.0
Throwing       | |  2.7

Action                     |  1- 3 |  4- 6 |  7- 9 || total
---------------------------+-------+-------+-------++-------
  Melee: Dagger            |   118 |   129 |    88 ||   335
         Punch             |     1 |     2 |     3 ||     6
  Throw: Dart              |     1 |       |     3 ||     4
 Invoke: Draw Destruction  |       |       |     4 ||     4
         Draw Escape       |       |       |     1 ||     1
  Evoke: Wand              |       |       |     3 ||     3
    Use: Scroll            |     8 |     1 |     5 ||    14
         Potion            |     1 |       |     2 ||     3
   Stab: Sleeping          |     9 |     6 |     5 ||    20
         Distracted        |     3 |     1 |       ||     4
 Armour: Robe              |    14 |    17 |     3 ||    34
  Dodge: Dodged            |    71 |   152 |    88 ||   311

Table legend: (Time is in decaauts)
 A = Elapsed time spent in this place.
 B = Non-inter-level travel time spent in this place.
 C = Inter-level travel time spent in this place.
 D = Time resting spent in this place.
 E = Time spent auto-exploring this place.
 F = Levels seen in this place.
 G = Mean time per level.
                   A        B        C        D        E       F      G
               +--------+--------+--------+--------+--------+-----+--------+
         Total |   4769 |   4632 |    137 |    925 |   2605 |   8 |  596.1 |
       Dungeon |   4731 |   4599 |    132 |    925 |   2586 |   7 |  675.9 |
        Temple |     38 |     33 |      5 |      0 |     18 |   1 |   38.0 |
               +--------+--------+--------+--------+--------+-----+--------+

Top non-repeatable levels by time:
     D:5: 1168 daAuts
     D:2: 899 daAuts
     D:4: 805 daAuts
     D:3: 649 daAuts
     D:1: 518 daAuts
     D:6: 477 daAuts
     D:7: 212 daAuts
  Temple: 38 daAuts
